 Dungeon Crawl Stone Soup version 0.23.2 (webtiles) character file.

Game seed: 5707364573541781670

35952 esteth the Thaumaturge (level 13, -8/99 HPs)
             Began as a Gnoll Wizard on Apr 12, 2019.
             Was the Champion of Okawaru.
             Mangled by an eight-headed hydra (10 damage)
             ... on level 5 of the Lair of Beasts on Apr 13, 2019.
             The game lasted 01:03:44 (18812 turns).

esteth the Thaumaturge (Gnoll Wizard)              Turns: 18812, Time: 01:03:44

Health: -8/99      AC: 17    Str:  9    XL:     13   Next: 87%
Magic:  23/28      EV: 24    Int: 31    God:    Okawaru [******]
Gold:   666        SH:  0    Dex: 16    Spells: 9/34 levels left

rFire    . . .     SeeInvis .   B - +6 flail (protect)
rCold    . . .     Gourm    .   (no shield)
rNeg     . . .     Faith    .   Z - +2 robe {Archmagi}
rPois    .         Spirit   .   H - +1 hat {MR+}
rElec    .         Reflect  .   V - +0 cloak (curse)
rCorr    .         Harm     .   E - +2 pair of gloves {Dex+3}
MR       +....                  (no boots)
Stlth    ++++......             F - amulet of regeneration
HPRegen  0.66/turn              q - +5 ring of evasion
MPRegen  0.21/turn              R - +4 ring of intelligence

@: protection aura
A: distributed training, fangs 1, strong nose
a: Heroism, Finesse, Renounce Religion


You were on level 5 of the Lair of Beasts.
You worshipped Okawaru.
Okawaru was exalted by your worship.
You were very hungry.

You visited 2 branches of the dungeon, and saw 15 of its levels.
You also visited: Ice Cave.

You collected 827 gold pieces.
You spent 161 gold pieces at shops.

Inventory:

Hand Weapons
 B - a +6 flail of protection (weapon)
 S - a +3 scimitar of flaming
 Y - a +1 antimagic lajatang
Armour
 a - a +2 robe of fire resistance
 E - a +2 pair of gloves of dexterity (worn)
 H - a +1 hat of magic resistance (worn)
 I - the +1 leather armour of Wuzitot {rPois MR+}
   (You found it on level 7 of the Dungeon)

   It protects you from poison.
   It affects your resistance to hostile enchantments.
 N - the +3 leather armour of the Shining One's Fury {rCorr}
   (You found it on level 9 of the Dungeon)

   It provides partial protection from all sources of acid and corrosion.
 V - a cursed +0 cloak (worn)
 Z - a +2 robe of the Archmagi (worn)
Jewellery
 k - a +4 ring of slaying {unknown}
 o - an uncursed ring of resist corrosion
 q - a +5 ring of evasion (left hand)
 r - an uncursed ring of stealth
 C - an uncursed ring of fire
 F - an amulet of regeneration (around neck)
 R - a +4 ring of intelligence (right hand)
 W - an uncursed ring of positive energy
Wands
 A - a wand of iceblast (5)
 K - a wand of flame (15)
 O - a wand of polymorph (9)
 T - a wand of clouds (9)
Scrolls
 g - 7 scrolls of remove curse
 i - a scroll of fog
 s - 8 scrolls of teleportation
 t - 3 scrolls of blinking
 D - 4 scrolls of amnesia
 G - 2 scrolls of fear
 Q - a scroll of enchant weapon
Potions
 c - 4 potions of might
 e - 2 potions of heal wounds {unknown}
 f - 2 potions of agility
 h - 4 potions of degeneration {unknown}
 m - 3 potions of invisibility {unknown}
 n - 5 potions of curing
 w - 3 potions of flight {unknown}
 z - a potion of haste {unknown}
 J - 2 potions of cancellation {unknown}
 P - 3 potions of mutation {unknown}
 X - a potion of lignification {unknown}
Miscellaneous
 b - a phial of floods
 j - a lightning rod (4/4)
Comestibles
 d - 37 rations


   Skills:
 + Level 8.5 Fighting
 + Level 8.5 Short Blades
 + Level 8.5 Long Blades
 + Level 8.5 Axes
 + Level 8.5 Maces & Flails
 + Level 8.5 Polearms
 + Level 8.5 Staves
 + Level 8.5 Slings
 + Level 8.5 Bows
 + Level 8.5 Crossbows
 + Level 8.5 Throwing
 + Level 8.5 Armour
 + Level 9.7 Dodging
 + Level 9.5 Stealth
 + Level 8.5 Shields
 + Level 8.5 Unarmed Combat
 + Level 11.0 Spellcasting
 + Level 7.4 Conjurations
 + Level 7.1 Hexes
 + Level 7.1 Charms
 + Level 7.4 Summonings
 + Level 7.1 Necromancy
 + Level 7.4 Translocations
 + Level 7.1 Transmutations
 + Level 7.1 Fire Magic
 + Level 7.1 Ice Magic
 + Level 7.1 Air Magic
 + Level 7.1 Earth Magic
 + Level 7.1 Poison Magic
 + Level 9.3 Invocations
 + Level 8.5 Evocations


You had 9 spell levels left.
You knew the following spells:

 Your Spells              Type           Power        Failure   Level  Hunger
a - Magic Dart            Conj           ####         1%          1    None
b - Blink                 Tloc           N/A          1%          2    None
c - Call Imp              Summ           #######.     1%          2    None
d - Conjure Flame         Conj/Fire      #######.     1%          3    None
e - Mephitic Cloud        Conj/Pois/Air  #######.     1%          3    None
f - Passage of Golubria   Tloc           N/A          1%          4    None
g - Borgnjor's Vile Clut  Necr/Erth      #######...   4%          5    ##.....
h - Fireball              Conj/Fire      #######...   4%          5    ##.....

Your spell library contained the following spells:

 Spells                   Type           Power        Failure   Level  Hunger
 Animate Skeleton         Necr           N/A          1%          1    None
 Apportation              Tloc           ######       1%          1    None
 Beastly Appendage        Tmut           ######       1%          1    None
 Confusing Touch          Hex            ######       1%          1    None
 Summon Small Mammal      Summ           ####         1%          1    None
 Passwall                 Tmut/Erth      #######.     1%          2    None
 Searing Ray              Conj           ######       1%          2    None
 Slow                     Hex            #######.     1%          2    None
 Sticks to Snakes         Tmut           #######.     1%          2    None
 Swiftness                Chrm/Air       #######.     1%          2    None
 Throw Flame              Conj/Fire      ######       1%          2    None
 Confuse                  Hex            #######.     1%          3    None
 Dazzling Spray           Conj/Hex       ######       1%          3    None
 Gell's Gravitas          Tloc           #######...   1%          3    None
 Spider Form              Tmut/Pois      #######...   1%          3    None
 Force Lance              Conj/Tloc      #######.     1%          4    None
 Fulminant Prism          Conj/Hex       #######...   1%          4    None
 Ice Form                 Ice/Tmut       #######.     1%          4    None
 Iskenderun's Mystic Bla  Conj           #######.     1%          4    None
 Petrify                  Tmut/Erth      #######.     1%          4    None
 Blade Hands              Tmut           #######...   4%          5    ##.....
 Lee's Rapid Deconstruct  Erth           #######...   4%          5    ##.....
 Metabolic Englaciation   Hex/Ice        #######...   4%          5    ##.....
 Yara's Violent Unravell  Hex/Tmut       #######...   4%          5    ##.....
 Bolt of Cold             Conj/Ice       #######...   22%         6    #####..
 Freezing Cloud           Conj/Ice/Air   #######...   22%         6    #####..
 Darkness                 Hex            #######...   24%         6    #####..
 Invisibility             Hex            #######.     24%         6    #####..
 Ozocubu's Refrigeration  Ice            #######...   24%         6    #####..
 Simulacrum               Ice/Necr       #######...   24%         6    #####..
 Ignition                 Fire           #######...   100%        8    #######


Dungeon Overview and Level Annotations

Branches:
Dungeon (10/15)            Temple (0/1) D:6            Lair (5/6) D:8
 Shoals (0/4) Lair:4       Spider (0/4) Lair:2
  Slime: Lair:5-6       Orc: D:9-12

Altars:
Fedhas
Hepliaklqana
Kikubaaqudgha
Makhleb
Okawaru
Qazlal
Ru
Sif Muna
Xom
Zin
The Shining One

Shops:
D:5 [   D:8 (

Annotations:
D:6 1 runed translucent door
D:9 2 runed translucent doors
D:10 1 runed translucent door
Lair:4 3 runed translucent doors, Kairos's ghost, journeyman FoSk


Innate Abilities, Weirdness & Mutations

Your experience applies equally to all skills.
You have very sharp teeth.
Your uncanny sense of smell can sniff out nearby items.


Message History

The eight-headed hydra bites you but does no damage.
The eight-headed hydra bites you! The eight-headed hydra misses you.
The eight-headed hydra barely misses you.
The eight-headed hydra completely misses you. x2
The eight-headed hydra bites you but does no damage.
You hit the eight-headed hydra.
Your weapon exudes an aura of protection.
The eight-headed hydra is lightly wounded.
The zombie hands constrict the eight-headed hydra.
The zombie hands constrict the plant!
The eight-headed hydra bites you! The eight-headed hydra misses you.
The eight-headed hydra bites you!
* * * LOW HITPOINT WARNING * * *
The eight-headed hydra bites you!
* * * LOW HITPOINT WARNING * * *
The eight-headed hydra completely misses you.
The eight-headed hydra bites you!
* * * LOW HITPOINT WARNING * * *
The eight-headed hydra bites you but does no damage.
The eight-headed hydra bites you!
You die...

≈.≈P.≈≈≈≈≈≈#≈..#...
####...≈≈≈≈†#≈......
#≈.+.......†........
#≈≈#≈≈≈P≈≈≈≈#≈......
#+#.###≈≈≈≈≈#≈≈P#...
#≈.#≈...≈≈≈≈#####...
#≈≈≈≈.#≈.≈≈≈≈≈......
#'#####≈.≈≈≈≈≈......
#.≈@DP#..≈≈≈≈≈......
#P...≈#PP≈≈≈≈≈≈.....
#.≈≈.P#.P≈≈≈≈≈≈.....
#P≈≈≈.####≈≈≈≈≈.....
#P≈≈≈.#∆∆ ≈≈≈≈≈P...P
#≈≈≈P≈.∆∆ ≈≈≈≈P...#
######## ≈≈≈≈#####
####


You could see an eight-headed hydra.

Vanquished Creatures
  7 hydras
  4 death yaks (Lair:3)
  A two-headed ogre (D:10)
  5 oklob plants
  An orb spider (Lair:2)
  A manticore (Lair:4)
  5 elephants (Lair:2)
  2 black mambas
  A kobold demonologist (D:9)
  4 spiny frogs
  A rime drake (Lair:5)
  6 komodo dragons
  A troll (D:8)
  Grinder (D:6)
  A polar bear (Lair:5)
  5 blink frogs (Lair:3)
  4 slime creatures (D:9)
  9 hippogriffs
  A basilisk (Lair:3)
  34 yaks
  2 wargs (D:8)
  8 porcupines
  A floating eye (Lair:4)
  9 water moccasins
  3 black bears
  3 sky beasts
  8 ice beasts (Lair:1)
  3 orc warriors
  2 centaurs
  5 ogres
  37 wolves
  9 crocodiles
  A big kobold (D:9)
  18 bullfrogs
  4 scorpions
  4 killer bees
  5 electric eels (D:7)
  A wight (D:10)
  7 howler monkeys
  3 crimson imps
  2 quasits (D:7)
  A centaur zombie (D:9)
  4 hounds
  An orc priest (D:8)
  6 jellies
  A bullfrog skeleton (D:6)
  2 gnoll shamans
  5 orc wizards
  4 iguanas
  13 worker ants
  2 wolf simulacra (IceCv)
  A worker ant zombie (D:6)
  5 gnolls
  2 howler monkey zombies
  16 adders
  3 shadow imps
  6 oozes
  An adder zombie (D:9)
  An adder skeleton (D:9)
  4 dart slugs
  4 worms
  6 leopard geckos
  23 orcs
  3 ball pythons
  6 giant cockroaches
  5 goblins
  6 hobgoblins
  15 jackals
  13 kobolds
  7 quokkas
  4 bats
  3 frilled lizards
  A jackal zombie (D:5)
  3 quokka skeletons
  13 rats
  A bush (Lair:4)
  A butterfly (D:6)
  12 plants
433 creatures vanquished.

Vanquished Creatures (collateral kills)
  A yak (Lair:1)
  Edmund (D:4)
  An orc priest (D:8)
  3 gnolls (D:4)
  An orc (D:8)
  A giant cockroach (D:4)
8 creatures vanquished.

Vanquished Creatures (others)
  An electric eel (D:7)
  A fungus (Lair:5)
  6 plants
8 creatures vanquished.

Grand Total: 449 creatures vanquished

Notes
Turn   | Place    | Note
-------+----------+-------------------------------------------
     0 | D:1      | esteth the Gnoll Wizard began the quest for the Orb.
     0 | D:1      | Reached XP level 1. HP: 13/13 MP: 8/8
   224 | D:1      | Reached XP level 2. HP: 19/19 MP: 7/10
   228 | D:1      | Learned a level 2 spell: Blink
   231 | D:1      | Learned a level 2 spell: Call Imp
   872 | D:1      | Reached XP level 3. HP: 25/25 MP: 5/11
   877 | D:1      | Learned a level 3 spell: Conjure Flame
   881 | D:1      | Learned a level 3 spell: Mephitic Cloud
  1389 | D:2      | Found a blossoming altar of Fedhas.
  1395 | D:2      | Found a stormy altar of Qazlal.
  1411 | D:2      | Found a sacrificial altar of Ru.
  1413 | D:2      | Found a deep blue altar of Sif Muna.
  1582 | D:2      | Reached skill level 1 in Invocations
  1694 | D:2      | Reached skill level 1 in Fighting
  1694 | D:2      | Reached skill level 1 in Short Blades
  1694 | D:2      | Reached skill level 1 in Long Blades
  1694 | D:2      | Reached skill level 1 in Axes
  1694 | D:2      | Reached skill level 1 in Maces & Flails
  1694 | D:2      | Reached skill level 1 in Polearms
  1694 | D:2      | Reached skill level 1 in Staves
  1694 | D:2      | Reached skill level 1 in Slings
  1694 | D:2      | Reached skill level 1 in Bows
  1694 | D:2      | Reached skill level 1 in Crossbows
  1694 | D:2      | Reached skill level 1 in Throwing
  1694 | D:2      | Reached skill level 1 in Armour
  1694 | D:2      | Reached skill level 1 in Shields
  1694 | D:2      | Reached skill level 1 in Unarmed Combat
  1694 | D:2      | Reached skill level 1 in Evocations
  1946 | D:2      | Reached XP level 4. HP: 32/32 MP: 8/13
  2570 | D:2      | Reached skill level 1 in Hexes
  2570 | D:2      | Reached skill level 1 in Charms
  2570 | D:2      | Reached skill level 1 in Necromancy
  2570 | D:2      | Reached skill level 1 in Transmutations
  2570 | D:2      | Reached skill level 1 in Fire Magic
  2570 | D:2      | Reached skill level 1 in Ice Magic
  2570 | D:2      | Reached skill level 1 in Air Magic
  2570 | D:2      | Reached skill level 1 in Earth Magic
  2570 | D:2      | Reached skill level 1 in Poison Magic
  2690 | D:3      | Found a burning altar of Makhleb.
  3395 | D:3      | Found a faded altar of an unknown god.
  3515 | D:4      | Noticed a black bear
  3558 | D:4      | Reached XP level 5. HP: 37/37 MP: 10/14
  3704 | D:4      | Killed a black bear
  3790 | D:4      | Reached XP level 6. HP: 43/44 MP: 13/16
  3914 | D:4      | Noticed Edmund
  4200 | D:4      | Killed Edmund
  4200 | D:4      | Reached skill level 5 in Dodging
  4386 | D:4      | Found an iron altar of Okawaru.
  4410 | D:4      | Became a worshipper of Warmaster Okawaru
  4983 | D:5      | Entered Level 5 of the Dungeon
  5075 | D:5      | Reached XP level 7. HP: 42/50 MP: 10/18
  5366 | D:5      | Found Hutaoq's Armour Boutique.
  5399 | D:5      | Bought a +0 pair of gloves of dexterity for 161 gold pieces
  5562 | D:5      | Found a glowing golden altar of the Shining One.
  5845 | D:5      | Noticed a hippogriff
  5857 | D:5      | Killed a hippogriff
  5857 | D:5      | Reached * piety under Okawaru
  5857 | D:5      | Reached skill level 5 in Stealth
  5937 | D:6      | Found a shimmering altar of Xom.
  5937 | D:6      | Found a shimmering altar of Xom.
  5937 | D:6      | Found a shimmering altar of Xom.
  5937 | D:6      | Found a shimmering altar of Xom.
  5937 | D:6      | Found a shimmering altar of Xom.
  5937 | D:6      | Found a shimmering altar of Xom.
  5937 | D:6      | Found a shimmering altar of Xom.
  5938 | D:6      | Noticed Grinder
  5953 | D:6      | Reached XP level 8. HP: 53/57 MP: 16/19
  5973 | D:6      | Killed Grinder
  6397 | D:6      | Reached skill level 8 in Spellcasting
  6437 | D:6      | Found a runed translucent door.
  6438 | D:6      | Found a runed translucent door.
  6483 | D:6      | Reached ** piety under Okawaru
  6664 | D:6      | Found a staircase to the Ecumenical Temple.
  6677 | D:6      | Reached XP level 9. HP: 65/65 MP: 21/21
  7216 | D:7      | Found a hazy altar of Hepliaklqana.
  7410 | D:7      | Got an ancient leather armour
  7411 | D:7      | Identified the +1 leather armour of Wuzitot {rPois MR+}
                  | (You found it on level 7 of the Dungeon)
  8028 | D:7      | Identified a scroll of acquirement
  8477 | D:8      | Reached *** piety under Okawaru
  8590 | D:8      | Found Boxupueq's Weapon Shop.
  8676 | D:8      | Reached skill level 5 in Invocations
  8962 | D:8      | Found an ancient bone altar of Kikubaaqudgha.
  9057 | D:8      | Reached XP level 10. HP: 19/73 MP: 7/22
  9250 | D:8      | Found a staircase to the Lair.
  9808 | D:9      | Reached skill level 5 in Fighting
  9808 | D:9      | Reached skill level 5 in Short Blades
  9808 | D:9      | Reached skill level 5 in Long Blades
  9808 | D:9      | Reached skill level 5 in Axes
  9808 | D:9      | Reached skill level 5 in Maces & Flails
  9808 | D:9      | Reached skill level 5 in Polearms
  9808 | D:9      | Reached skill level 5 in Staves
  9808 | D:9      | Reached skill level 5 in Slings
  9808 | D:9      | Reached skill level 5 in Bows
  9808 | D:9      | Reached skill level 5 in Crossbows
  9808 | D:9      | Reached skill level 5 in Throwing
  9808 | D:9      | Reached skill level 5 in Armour
  9808 | D:9      | Reached skill level 5 in Shields
  9808 | D:9      | Reached skill level 5 in Unarmed Combat
  9808 | D:9      | Reached skill level 5 in Evocations
 10012 | D:8      | Reached **** piety under Okawaru
 10012 | D:8      | Received a gift from Okawaru
 10186 | D:9      | Found a large runed translucent door.
 10186 | D:9      | Found a large runed translucent door.
 10267 | D:9      | Got a faintly humming leather armour
 10268 | D:9      | Identified the +3 leather armour of the Shining One's Fury
                  | {rCorr} (You found it on level 9 of the Dungeon)
 10284 | D:9      | Noticed a kobold demonologist
 10287 | D:9      | Found a large runed translucent door.
 10287 | D:9      | Found a large runed translucent door.
 10300 | D:9      | Killed a kobold demonologist
 10300 | D:9      | Reached skill level 9 in Spellcasting
 10303 | D:9      | Identified the Incunabulum of the Rocks and Flames
 10318 | D:9      | Learned a level 4 spell: Passage of Golubria
 10334 | D:9      | Found a glowing silver altar of Zin.
 10435 | D:9      | Reached skill level 5 in Conjurations
 10435 | D:9      | Reached skill level 5 in Summonings
 10435 | D:9      | Reached skill level 5 in Translocations
 10558 | D:9      | Received a gift from Okawaru
 10622 | D:9      | Found an ancient bone altar of Kikubaaqudgha.
 10890 | D:10     | Entered Level 10 of the Dungeon
 10993 | D:9      | Reached XP level 11. HP: 81/81 MP: 13/24
 11005 | D:9      | Reached ***** piety under Okawaru
 11100 | D:10     | Found a runed translucent door.
 11101 | D:10     | Noticed a two-headed ogre
 11108 | D:10     | Noticed a wolf spider
 11191 | D:10     | Noticed a two-headed ogre
 11200 | D:10     | Killed a two-headed ogre
 11277 | D:10     | Reached skill level 5 in Hexes
 11277 | D:10     | Reached skill level 5 in Charms
 11277 | D:10     | Reached skill level 5 in Necromancy
 11277 | D:10     | Reached skill level 5 in Transmutations
 11277 | D:10     | Reached skill level 5 in Fire Magic
 11277 | D:10     | Reached skill level 5 in Ice Magic
 11277 | D:10     | Reached skill level 5 in Air Magic
 11277 | D:10     | Reached skill level 5 in Earth Magic
 11277 | D:10     | Reached skill level 5 in Poison Magic
 11557 | D:10     | Received a gift from Okawaru
 11914 | D:10     | Identified the ring "Mosch" {rPois Int+3}
 11914 | D:10     | Noticed an orc warlord
 11914 | D:10     | Noticed a two-headed ogre
 11991 | Lair:1   | Entered Level 1 of the Lair of Beasts
 12207 | Lair:1   | Found a frozen archway.
 12511 | IceCv    | Entered an ice cave
 12772 | Lair:1   | Noticed a seven-headed hydra
 12844 | Lair:1   | Killed a three-headed hydra
 13549 | Lair:2   | Learned a level 5 spell: Borgnjor's Vile Clutch
 13632 | Lair:2   | Noticed an eight-headed hydra
 13666 | Lair:2   | Killed an eight-headed hydra
 13666 | Lair:2   | Received a gift from Okawaru
 13761 | Lair:2   | Reached XP level 12. HP: 86/89 MP: 5/25
 14062 | Lair:2   | Found a hole to the Spider Nest.
 14069 | Lair:2   | Received a gift from Okawaru
 14069 | Lair:2   | Reached skill level 10 in Spellcasting
 14132 | Lair:2   | Reached ****** piety under Okawaru
 15223 | Lair:3   | Noticed a seven-headed hydra
 15233 | Lair:3   | Killed a seven-headed hydra
 15371 | Lair:3   | Received a gift from Okawaru
 15392 | Lair:3   | Noticed an eight-headed hydra
 15400 | Lair:3   | Killed an eight-headed hydra
 15923 | Lair:3   | Noticed a death yak
 15923 | Lair:3   | Noticed a death yak
 15924 | Lair:3   | Noticed a death yak
 15925 | Lair:3   | Noticed a death yak
 15939 | Lair:3   | Killed a death yak
 15939 | Lair:3   | Reached XP level 13. HP: 80/98 MP: 11/27
 17119 | Lair:4   | Learned a level 5 spell: Fireball
 17246 | Lair:4   | Received a gift from Okawaru
 17495 | Lair:4   | Found a staircase to the Shoals.
 17539 | Lair:4   | Found a runed translucent gate.
 17539 | Lair:4   | Found a runed translucent gate.
 17539 | Lair:4   | Found a runed translucent gate.
 17541 | Lair:4   | Noticed Kairos's ghost (journeyman FoSk)
 17679 | Lair:4   | Received a gift from Okawaru
 17994 | Lair:5   | Received a gift from Okawaru
 18662 | Lair:5   | Reached skill level 11 in Spellcasting
 18812 | Lair:5   | HP: 2/99 [eight-headed hydra (11)]
 18812 | Lair:5   | Mangled by an eight-headed hydra

Skill      XL: |  1  2  3  4  5  6  7  8  9 10 11 12 13 |
---------------+----------------------------------------+-----
Conjurations   | 2 3 4 5 6 7 |  7.4
Summonings     | 2 3 4 5 6 7 |  7.4
Translocations | 2 3 4 5 6 7 |  7.4
Invocations    | 1 2 3 4 5 6 7 8 9 |  9.3
Fighting       | 1 2 3 4 5 6 7 8 |  8.5
Short Blades   | 1 2 3 4 5 6 7 8 |  8.5
Long Blades    | 1 2 3 4 5 6 7 8 |  8.5
Axes           | 1 2 3 4 5 6 7 8 |  8.5
Maces & Flails | 1 2 3 4 5 6 7 8 |  8.5
Polearms       | 1 2 3 4 5 6 7 8 |  8.5
Staves         | 1 2 3 4 5 6 7 8 |  8.5
Slings         | 1 2 3 4 5 6 7 8 |  8.5
Bows           | 1 2 3 4 5 6 7 8 |  8.5
Crossbows      | 1 2 3 4 5 6 7 8 |  8.5
Throwing       | 1 2 3 4 5 6 7 8 |  8.5
Armour         | 1 2 3 4 5 6 7 8 |  8.5
Shields        | 1 2 3 4 5 6 7 8 |  8.5
Unarmed Combat | 1 2 3 4 5 6 7 8 |  8.5
Evocations     | 1 2 3 4 5 6 7 8 |  8.5
Hexes          | 1 2 3 4 5 6 7 |  7.1
Charms         | 1 2 3 4 5 6 7 |  7.1
Necromancy     | 1 2 3 4 5 6 7 |  7.1
Transmutations | 1 2 3 4 5 6 7 |  7.1
Fire Magic     | 1 2 3 4 5 6 7 |  7.1
Ice Magic      | 1 2 3 4 5 6 7 |  7.1
Air Magic      | 1 2 3 4 5 6 7 |  7.1
Earth Magic    | 1 2 3 4 5 6 7 |  7.1
Poison Magic   | 1 2 3 4 5 6 7 |  7.1
Dodging        | 5 6 7 8 9 |  9.7
Stealth        | 5 6 7 8 9 |  9.5
Spellcasting   | 8 9 10 11 | 11.0

Action                   |  1- 3 |  4- 6 |  7- 9 | 10-12 | 13-15 || total
-------------------------+-------+-------+-------+-------+-------++-------
Melee: Hand axe          |     9 |       |       |       |       ||     9
       Spear             |    15 |    94 |       |       |       ||   109
       Bite              |     2 |     8 |    29 |    82 |    29 ||   150
       Flail             |       |    11 |   241 |   587 |   193 ||  1032
       Punch             |       |       |     3 |    21 |    14 ||    38
       Scimitar          |       |       |       |     8 |       ||     8
 Cast: Magic Dart        |    77 |    96 |   174 |   261 |    83 ||   691
       Mephitic Cloud    |     2 |     4 |    14 |    36 |     6 ||    62
       Conjure Flame     |       |     1 |     2 |    11 |       ||    14
       Call Imp          |       |     2 |     5 |     3 |       ||    10
       Blink             |       |       |     2 |     2 |     1 ||     5
       Passage of Golubr |       |       |       |     2 |     1 ||     3
       Borgnjor's Vile C |       |       |       |    24 |    29 ||    53
Invok: Heroism           |       |       |     1 |       |       ||     1
Evoke: Wand              |       |       |     2 |       |       ||     2
  Use: Scroll            |     2 |     3 |    17 |    10 |     2 ||    34
       Potion            |       |       |     2 |     2 |       ||     4
 Stab: Sleeping          |     5 |     5 |     2 |     8 |     6 ||    26
       Confused          |     1 |     5 |    13 |    34 |     9 ||    62
       Distracted        |       |       |       |       |     1 ||     1
  Eat: Chunk             |     3 |     9 |    13 |    18 |     7 ||    50
       Ration            |       |       |       |     2 |     1 ||     3
Armor: Robe              |    10 |     9 |    46 |    14 |    60 ||   139
       Leather armour    |       |       |    18 |   190 |       ||   208
Dodge: Dodged            |    32 |    64 |   319 |   891 |   267 ||  1573
       Rpst.: Scimitar   |       |       |       |     6 |       ||     6
